 Dungeon Sprint DCSS version 0.29.1-12-g30fa7ad0bf (webtiles) character file.

Game seed: 14722750443995768243

6462 boopmooplesden the Impaler (level 10, -13/110 HPs)
             Began as a Minotaur Berserker on Dec 15, 2022.
             Was the Champion of Trog.
             Killed from afar by a bog body (20 damage)
             ... with a bolt of cold
             ... in the Dungeon (Sprint VII: "The Pits").
             The game lasted 00:03:13 (1802 turns).

boopmooplesden the Impaler (Minotaur Berserker)     Turns: 1802, Time: 00:03:14

Health: -13/110    AC: 20    Str: 27    XL:     10   Next: 68%
Magic:  9/9        EV: 10    Int:  4    God:    Trog [******]
Gold:   0          SH:  0    Dex:  9    Spells: 9/9 levels left

rFire   . . .      SeeInvis .   u - +4 glaive (vorpal)
rCold   . . .      Faith    .   (shield currently unavailable)
rNeg    . . .      Spirit   .   r - +3 plate armour
rPois   .          Reflect  .   (helmet restricted)
rElec   .          Harm     .   (no cloak)
rCorr   .          Rampage  .   (no gloves)
Will    .....      NoTele   +   s - +0 pair of boots
Stlth   ..........              (no amulet)
HPRegen 0.28/turn               (no ring)
MPRegen 0.11/turn               (no ring)

@: lethally poisoned (-13 -> -25), on berserk cooldown, slowed, very slow
A: horns 2, retaliatory headbutt
a: Renounce Religion, Berserk, Trog's Hand, Brothers in Arms


You were in the Dungeon.
You worshipped Trog.
Trog was exalted by your worship.
You visited 1 branch

Inventory:

Hand Weapons
 a - a +0 spear
 i - a +2 trident
 m - a +1 vorpal trident
 q - a +2 halberd of protection
 t - the +2 quarterstaff of the Jolly Hells {flame, rF+ Str+3}
   (Trog gifted it to you in the Dungeon)

   It burns those it strikes, dealing additional fire damage.
   Str:       It affects your strength (+3).
   rF:        It protects you from fire.
 u - a +4 vorpal glaive (weapon)
Armour
 b - a +0 animal skin
 l - a +2 plate armour
 r - a +3 plate armour (worn)
 s - a +0 pair of boots (worn)
Jewellery
 n - a +3 ring of protection
 o - a +3 ring of evasion
Scrolls
 h - a scroll of blinking
 k - a scroll of summoning
Potions
 c - 8 potions of curing
 d - 14 potions of heal wounds
 e - 2 potions of haste
 f - 4 potions of magic
 g - 3 potions of berserk rage
 j - 2 potions of invisibility
 p - a potion of mutation


   Skills:
 + Level 16.9 Fighting
 + Level 19.4 Polearms
 + Level 13.5 Armour
 + Level 9.2 Dodging
 + Level 3.3 Stealth


You had 9 spell levels left.
You didn't know any spells.
Your spell library was empty.

Dungeon Overview and Level Annotations

Branches:
Dungeon (1/1)

Altars:


Innate Abilities, Weirdness & Mutations

You have a pair of horns on your head.
You reflexively headbutt those who attack you in melee.


Message History

The orc wizard flickers and vanishes!
Deactivating autopickup; reactivate with Ctrl-A.
You slice the orc!!
You kill the orc!
Trog accepts your kill.
The black mamba bites you but does no damage.
Things that are here:
a +0 short sword; a +0 scale mail; an orc corpse You barely miss the black mamba.
You headbutt the black mamba!!
The black mamba is heavily wounded.
The black mamba bites you.
You hit the black mamba. Your headbutt misses the black mamba.
The black mamba is severely wounded.
The black mamba bites you but does no damage.
You are no longer berserk.
You are exhausted.
You feel yourself slow down. The black mamba bites you.
You closely miss the black mamba.
The black mamba is severely wounded.
The black mamba bites you but does no damage.
The black mamba barely misses you.
You barely miss the black mamba.
The black mamba is severely wounded.
The black mamba bites you but does no damage.
The bog body touches you! The bog body freezes you!
Something hits you but does no damage. The black mamba bites you!
You are poisoned.
The black mamba poisons you! The bog body touches you!
The bog body freezes you!
* * * LOW HITPOINT WARNING * * *
The orc wizard points at you and mumbles some strange words.
The puff of flame misses you. Something hits you but does no damage.
Your cyclops goes berserk!
You feel very sick. The black mamba bites you!
* * * LOW HITPOINT WARNING * * *
The black mamba bites you but does no damage.
The bog body points at you and mumbles some strange words.
The bolt of cold hits you!!
You die...

..+ ..+ ..# ..# ###
#####################
.....#).....#.......#
.....)))....#..o....#
##...#####'##..)@nf.###
.#.........†))†S........
.#........##+##.C.......
.#.#####..# #..###+##.
##.)...#.r# #..#
...#...+..# #..+
...#...#.. ...#
...#...#.. .... ...#+###
#+##


You could see a wandering mushroom, a bog body, a black mamba (ally target), an
orc wizard and a friendly cyclops (summoned, berserk).

Vanquished Creatures
  A naga warrior (D)
  A naga sharpshooter (D)
  A deep elf pyromancer (D)
  A phantasmal warrior (D)
  A cyclops (D)
  A manticore (D)
  2 orange demons (D)
  A freezing wraith (D)
  An efreet (D)
  A red devil (D)
  A hornet (D)
  2 spriggans (D)
  A fire bat (D)
  A redback (D)
  2 vampire mosquitoes (D)
  2 nagas (D)
  A warg (D)
  Edmund (D)
  A floating eye (D)
  A black bear (D)
  A wolf (D)
  3 phantoms (D)
  5 wights (D)
  A small abomination (D)
  A quasit (D)
  An iron imp (D)
  A jelly (D)
  An orc wizard (D)
  2 river rats (D)
  A white imp (D)
  2 ufetubi (D)
  2 orcs (D)
  A ball python (D)
  2 bat zombies (D)
  3 endoplasms (D)
  2 quokkas (D)
  A ball python skeleton (D)
  A ball python zombie (D)
  A bat (D)
56 creatures vanquished.

Notes
Turn   | Place    | Note
-------+----------+-------------------------------------------
     0 | D        | boopmooplesden the Minotaur Berserker began the quest for
                  | the Orb.
     0 | D        | Reached XP level 1. HP: 19/19 MP: 0/0
    13 | D        | Reached skill level 4 in Polearms
    48 | D        | Reached ** piety under Trog
   185 | D        | Noticed a wolf
   185 | D        | Noticed a floating eye
   192 | D        | Killed a wolf
   192 | D        | Reached *** piety under Trog
   193 | D        | Reached skill level 7 in Polearms
   193 | D        | Reached XP level 2. HP: 12/31 MP: 1/1
   193 | D        | Reached XP level 3. HP: 15/38 MP: 2/2
   193 | D        | Reached XP level 4. HP: 17/45 MP: 3/3
   195 | D        | Paralysed by a floating eye for 3 turns
   200 | D        | Killed a floating eye
   201 | D        | Reached skill level 9 in Polearms
   201 | D        | Reached skill level 5 in Armour
   201 | D        | Reached skill level 5 in Dodging
   201 | D        | Reached skill level 1 in Stealth
   201 | D        | Reached XP level 5. HP: 22/53 MP: 4/4
   408 | D        | Noticed a warg
   409 | D        | Noticed a black bear
   417 | D        | Killed a warg
   418 | D        | Reached skill level 10 in Polearms
   418 | D        | Reached XP level 6. HP: 64/64 MP: 5/5
   421 | D        | Reached **** piety under Trog
   424 | D        | Reached skill level 11 in Polearms
   435 | D        | Reached skill level 10 in Fighting
   443 | D        | Reached ***** piety under Trog
   444 | D        | Reached skill level 12 in Polearms
   444 | D        | Reached XP level 7. HP: 36/73 MP: 6/6
   623 | D        | Noticed a fire bat
   625 | D        | Reached skill level 13 in Polearms
   633 | D        | Killed a fire bat
   634 | D        | Reached XP level 8. HP: 74/83 MP: 7/7
   676 | D        | Noticed an efreet
   684 | D        | Killed an efreet
   684 | D        | Reached ****** piety under Trog
   685 | D        | Reached skill level 14 in Polearms
   801 | D        | Noticed a cyclops
   819 | D        | Killed a cyclops
   820 | D        | Reached skill level 15 in Polearms
  1081 | D        | Noticed a deep elf pyromancer
  1085 | D        | Killed a deep elf pyromancer
  1086 | D        | Reached XP level 9. HP: 95/95 MP: 8/8
  1135 | D        | Noticed a freezing wraith
  1146 | D        | Killed a freezing wraith
  1147 | D        | Reached skill level 16 in Polearms
  1147 | D        | Reached skill level 10 in Armour
  1153 | D        | Identified the +2 quarterstaff of the Jolly Hells {flame,
                  | rF+ Str+3} (Trog gifted it to you in the Dungeon)
  1153 | D        | Received a gift from Trog
  1159 | D        | Noticed a spriggan rider
  1170 | D        | Reached skill level 15 in Fighting
  1170 | D        | Reached skill level 17 in Polearms
  1488 | D        | Noticed an orange demon
  1488 | D        | Noticed a phantasmal warrior
  1499 | D        | Killed a phantasmal warrior
  1504 | D        | Killed an orange demon
  1504 | D        | Received a gift from Trog
  1505 | D        | Reached skill level 18 in Polearms
  1505 | D        | Reached XP level 10. HP: 107/107 MP: 9/9
  1542 | D        | Noticed an orange demon
  1553 | D        | Killed an orange demon
  1558 | D        | Noticed a naga warrior
  1558 | D        | Noticed a naga sharpshooter
  1566 | D        | Killed a naga warrior
  1577 | D        | Killed a naga sharpshooter
  1578 | D        | Reached skill level 19 in Polearms
  1580 | D        | Received a gift from Trog
  1784 | D        | Noticed Edmund
  1785 | D        | Noticed a manticore
  1790 | D        | Killed Edmund
  1792 | D        | Killed a manticore
  1793 | D        | Noticed a bog body
  1793 | D        | Noticed a black mamba
  1802 | D        | Killed from afar by a bog body

Illustrated notes

Levels and vault maps discovered:
D:        pitsprint [storerooms_1, entrance_room_1, metal_vault_8, armoury_1,
          mini_pit_1, grid_room_1, main_hall_1, silver_pit, the_coven_2,
          the_vestibule_1, steel_vault_2, golden_pit, hallway_of_sentries,
          crystal_vault_6, iron_vault_4, final_vault]

Skill      XL: |  1  2  3  4  5  6  7  8  9 10 |
---------------+-------------------------------+-----
Polearms       | 7 9 10 12 13 15 18 19 | 19.4
Armour         | 4 5 6 7 8 9 11 13 | 13.5
Fighting       | 6 8 9 10 12 14 15 16 | 16.9
Dodging        | 4 5 6 7 8 9 |  9.2
Stealth        | 1 2 3 |  3.3

Action                   |  1- 3 |  4- 6 |  7- 9 | 10-12 || total
-------------------------+-------+-------+-------+-------++-------
Melee: Trident           |    10 |    26 |    27 |       ||    63
       Spear             |     1 |       |       |       ||     1
       Headbutt          |       |     3 |     8 |     4 ||    15
       Halberd           |       |       |    47 |       ||    47
       Glaive            |       |       |       |    37 ||    37
Invok: Berserk           |     2 |     1 |     6 |     2 ||    11
       Brothers in Arms  |       |       |       |     1 ||     1
 Stab: Sleeping          |     1 |       |       |       ||     1
Armor: Animal skin       |     5 |       |       |       ||     5
       Plate armour      |       |    12 |    35 |    26 ||    73
Dodge: Dodged            |    11 |     8 |    25 |    19 ||    63
